 Dungeon Crawl Stone Soup version 0.17-a0-2069-g0f4ee5b (webtiles) character file.

342 jalm the Chiller (level 6, -12/41 HPs)
             Began as a Merfolk Ice Elementalist on Oct 13, 2015.
             Was an Initiate of Yredelemnul.
             Mangled by an ogre
             ... wielding a +0 giant spiked club
              (27 damage)
             ... on level 4 of the Dungeon.
             The game lasted 00:13:16 (3180 turns).

jalm the Chiller (Merfolk Ice Elementalist)         Turns: 3180, Time: 00:13:16

Health: -12/41     AC: 11    Str:  8    XL:     6   Next: 57%
Magic:  1/9        EV: 13    Int: 14    God:    Yredelemnul [......]
Gold:   169        SH:  0    Dex: 17    Spells: 3 memorised, 3 levels left

rFire  x . .     SeeInvis .     D - +0 spear
rCold  + . .     Clarity  .     a - +0 robe
rNeg   . . .     SustAt   .     (no shield)
rPois  .         Gourm    .     (no helmet)
rElec  .         Spirit   .     t - +1 cloak
rCorr  .         Warding  .     (no gloves)
rMut   .         Stasis   .     h - +0 pair of boots
MR     .....                    (no amulet)
Stlth  ++........               (no ring)
                                j - ring of ice

@: icy armour, not resistant to hostile enchantments, unstealthy
A: change form in water, swift swim
a: Renounce Religion


You were on level 4 of the Dungeon.
You worshipped Yredelemnul.
Yredelemnul was noncommittal.
You were not hungry.

You visited 2 branches of the dungeon, and saw 5 of its levels.

You collected 169 gold pieces.

Inventory:

Hand Weapons
 f - a +0 dagger
 r - a +1 antimagic spear
 s - a +3 quarterstaff of chaos
 D - a +0 spear (weapon)
Missiles
 z - 7 javelins (quivered)
Armour
 a - a +0 robe (worn)
 h - a +0 pair of boots (worn)
 l - a +0 leather armour
 t - a +1 cloak (worn)
 x - a +2 large shield
Jewellery
 j - a ring of ice (left hand)
Scrolls
 d - 2 scrolls of identify
 e - a scroll of fear {unknown}
 o - a scroll of enchant weapon
 p - 2 scrolls of fog
 q - a scroll of noise {unknown}
 u - a scroll of immolation {unknown}
 v - a scroll of amnesia
 y - a scroll of blinking {unknown}
 A - a scroll of enchant armour {unknown}
 F - a scroll of magic mapping {unknown}
 H - a scroll of remove curse {unknown}
Potions
 i - a potion of haste {unknown}
 k - a potion of heal wounds
 m - 2 potions of agility
 n - 2 potions of curing {unknown}
 B - 2 potions of lignification {unknown}
Books
 b - a book of Frost

   Spells                             Type                      Level
   a - Freeze                         Ice                          1
   b - Throw Frost                    Conjuration/Ice              2
   c - Ozocubu's Armour               Charms/Ice                   3
   d - Throw Icicle                   Conjuration/Ice              4
   e - Summon Ice Beast               Ice/Summoning                4
   f - Condensation Shield            Ice                          4
Comestibles
 c - 4 bread rations
 g - 2 beef jerkies
 w - 3 fruits
 C - a meat ration
 E - 4 chunks of flesh
 G - a slice of pizza


   Skills:
 + Level 2.4 Polearms
 - Level 2.6 Dodging
 - Level 2.1 Stealth
 - Level 2.0 Spellcasting
 - Level 0.7 Conjurations
 + Level 7.5 Ice Magic


You had 3 spell levels left.
You knew the following spells:

 Your Spells              Type           Power        Failure   Level  Hunger
a - Freeze                Ice            ####         1%          1    ##.....
b - Ozocubu's Armour      Chrm/Ice       ###.....     17%         3    ####...
c - Throw Frost           Conj/Ice       ###...       10%         2    ###....


Dungeon Overview and Level Annotations

Branches:
Dungeon (4/15)             Temple (1/1) D:4

Altars:
Cheibriados
Dithmenos
Gozag
Kikubaaqudgha
Nemelex Xobeh
Okawaru
Qazlal
Ru
Sif Muna
Vehumet
Xom
Yredelemnul
The Shining One

Shops:
D:4 [


Message History

You hit the ogre but do no damage.
The ogre is lightly wounded.
The ogre barely misses you.
You closely miss the ogre.
The ogre is lightly wounded.
The ogre hits you with a giant spiked club!!
Ouch! That really hurt!
You barely miss the ogre.
The ogre is lightly wounded.
Casting: Ozocubu's Armour
Confirm with . or Enter, or press ? or * to list all spells.
Aiming: Freeze
Press: ? - help, Shift-Dir - straight line, f/p - ogre
Aim: an ogre, wielding a giant spiked club (lightly wounded)
You feel a surge of power!
You freeze the ogre.
The ogre is moderately wounded.
The ogre hits you with a giant spiked club!!
Ouch! That really hurt!
You die...
Your body rises from the dead as a mindless zombie.

##....##...... #######...... .
.....>.. #######..###......
##..........#......
##..................
##..............####.
##...............####.
##....@O...............
###..#..............##...
#................)..##...
#.....#..................
###.####..........<......
###############.....##.......
##....#................<######
##................########
#........................


You could see an ogre.

Vanquished Creatures
  A centaur (D:4)
  A scorpion (D:4)
  A hound (D:3)
  Crazy Yiuf (D:2)
  2 orc wizards (D:3)
  3 adders
  4 orcs
  5 bats
  5 giant cockroaches
  4 goblins
  6 hobgoblins
  6 jackals
  7 kobolds
  A ball python skeleton (D:4)
  4 giant geckos
  6 giant newts
  A quokka skeleton (D:4)
  3 rats
61 creatures vanquished.

Notes
Turn   | Place    | Note
--------------------------------------------------------------
     0 | D:1      | jalm the Merfolk Ice Elementalist began the quest for the Orb.
     0 | D:1      | Reached XP level 1. HP: 13/13 MP: 3/3
   198 | D:1      | Reached XP level 2. HP: 4/19 MP: 3/5
   470 | D:1      | Reached skill level 4 in Ice Magic
   999 | D:1      | Reached XP level 3. HP: 24/24 MP: 6/6
  1339 | D:2      | Learned a level 3 spell: Ozocubu's Armour
  1342 | D:2      | Learned a level 2 spell: Throw Frost
  1399 | D:2      | Reached skill level 5 in Ice Magic
  1595 | D:2      | Noticed Crazy Yiuf
  1605 | D:2      | Killed Crazy Yiuf
  1605 | D:2      | Reached XP level 4. HP: 16/30 MP: 0/7
  1947 | D:3      | Reached skill level 6 in Ice Magic
  1947 | D:3      | Reached XP level 5. HP: 31/35 MP: 0/8
  2340 | D:4      | Found a staircase to the Ecumenical Temple.
  2373 | Temple   | Entered the Ecumenical Temple
  2447 | Temple   | Became a worshipper of Yredelemnul the Dark
  2502 | D:4      | Found Wuit's Armour Shoppe.
  2523 | D:4      | Reached skill level 7 in Ice Magic
  2523 | D:4      | Reached XP level 6. HP: 17/41 MP: 4/9
  2855 | D:4      | Found a glowing golden altar of the Shining One.
  2874 | D:4      | Found an iron altar of Okawaru.
  2956 | D:4      | HP: 1/41 [centaur/shortbow (2)]
  3172 | D:4      | Noticed an ogre
  3180 | D:4      | Mangled by an ogre

Vault maps used:
D:1:      minmay_arrival_hallway
D:2:      first_bread, uniq_crazy_yiuf_cottage
D:4:      nicolae_overflow_crystal_walls, kennysheep_mini_moat,
          overflow_temple_1_default, makhleb_blood_cavern_becter,
          minmay_temple_entry_grid, serial_shops, kennysheep_mini, tso_altar
Temple:   triangle_lava_temple_12

Action                   |  1- 3 |  4- 6 || total
-------------------------+-------+-------++-------
Melee: Unarmed           |     5 |       ||     5
       Dagger            |    32 |     7 ||    39
       Quarterstaff      |       |    12 ||    12
       Spear             |       |    29 ||    29
 Cast: Freeze            |    38 |    44 ||    82
       Ozocubu's Armour  |     2 |     4 ||     6
       Throw Frost       |       |     5 ||     5
  Use: Scroll            |       |     4 ||     4
       Potion            |       |     2 ||     2
 Stab: Sleeping          |     6 |     1 ||     7
  Eat: Chunk             |     3 |     7 ||    10
